Map: [ESL] Oceanborn

Players

Serral - Winner!

  • Race: Zerg Zerg
  • Spawn Location: 5:00

Kelazhur

  • Race: Terran Terran
  • Spawn Location: 11:00

Event: IEM Katowice 2024

VOD

Have the link to the VOD?

Description

Time

  • Played on: Feb. 8, 2024, 10:19 a.m.
  • Length: 18:31

All games in this series

Show
View Real Time Build Order
Export as new Build Order

Serral Zerg - Winner!

Build Orders: Pool First, Lurkers, Roach Hydra 

Get SALT Encoding   

  12  0:00  Drone  
  13  0:12  Overlord  
  13  0:17  Drone  
  14  0:30  Drone x2  
  14  0:35  Drone  
  17  0:44  Drone  
  17  0:45  Extractor  
  17  0:49  Spawning Pool  
  16  0:55  Drone  
  17  1:06  Drone  
  18  1:17  Hatchery  
  17  1:20  Drone  
  18  1:36  Queen  
  18  1:37  Zergling x2  
  18  1:39  Zergling x2  
  22  1:45  Metabolic Boost  
  22  1:52  Overlord  
  22  2:10  Drone x2  
  22  2:12  Queen  
  26  2:26  Drone  
  26  2:29  Queen  
  27  2:30  Drone  
  27  2:33  Overlord  
  30  2:40  Drone  
  31  2:45  Overlord  
  31  2:46  Drone  
  31  2:47  Drone x2  
  34  2:51  Overlord  
  34  3:06  Hatchery  
  34  3:08  Drone  
  35  3:12  Drone  
  35  3:13  Drone  
  35  3:16  Drone  
  37  3:20  Drone x3  
  37  3:24  Drone  
  37  3:25  Drone  
  37  3:27  Drone  
  43  3:28  Drone  
  44  3:39  Roach Warren  
  43  3:41  Queen  
  43  3:44  Queen  
  43  3:48  Overlord  
  47  3:51  Zergling x4  
  47  3:55  Overlord  
  49  3:59  Drone x3  
  52  4:03  Overlord  
  52  4:07  Drone x3  
  52  4:09  Drone  
  56  4:19  Drone x3  
  58  4:26  Drone x6  
  58  4:30  Lair  
  64  4:32  Drone x2  
  64  4:34  Overlord  
  66  4:39  Overlord  
  66  4:43  Zergling x2  
  66  4:44  Zergling x2  
  68  4:50  Extractor, Queen  
  68  4:51  Extractor, Roach  
  70  4:53  Roach x4  
  70  4:57  Spore Crawler x2  
  70  4:58  Drone  
  70  4:59  Drone  
  78  5:01  Drone x2  
  78  5:03  Drone  
  78  5:06  Zergling x2  
  82  5:07  Overlord  
  82  5:10  Overlord  
  82  5:11  Drone  
  84  5:14  Drone  
  84  5:17  Roach  
  84  5:20  Overlord  
  86  5:25  Drone, Extractor  
  86  5:26  Extractor  
  86  5:28  Drone x6, Overseer  
  91  5:34  Drone  
  92  5:36  Drone  
  92  5:37  Glial Reconstitution  
  92  5:38  Evolution Chamber  
  92  5:39  Drone  
  92  5:41  Evolution Chamber  
  91  5:44  Hatchery  
  91  5:45  Drone  
  91  5:47  Drone  
  92  5:51  Overlord  
  92  5:55  Drone x4  
  96  6:00  Drone x6  
  102  6:06  Zerg Missile Weapons Level 1  
  102  6:10  Drone x2  
  100  6:13  Extractor  
  100  6:14  Zerg Ground Armor Level 1  
  100  6:16  Drone x3  
  102  6:22  Infestation Pit, Overlord  
  102  6:23  Drone  
  102  6:26  Drone  
  102  6:32  Overlord  
  103  6:33  Roach, Hydralisk Den  
  103  6:35  Roach  
  106  6:41  Roach x7  
  120  6:48  Drone  
  120  6:50  Drone, Roach x3  
  120  6:54  Overlord  
  128  6:55  Extractor  
  128  6:56  Extractor, Overlord  
  128  6:59  Queen  
  124  7:02  Infestor x2, Hive  
  124  7:05  Drone  
  124  7:07  Roach  
  131  7:09  Overlord  
  131  7:15  Roach x3  
  137  7:16  Lurker Den  
  137  7:19  Drone x2  
  137  7:20  Overlord  
  138  7:25  Roach x4  
  138  7:28  Overlord  
  138  7:29  Roach  
  148  7:34  Zergling x2, Roach  
  151  7:38  Zergling x8  
  151  7:42  Overlord  
  155  7:51  Zergling x8  
  155  7:52  Ravager  
  155  7:53  Ravager x2  
  155  7:54  Hydralisk x7  
  176  8:03  Overlord  
  176  8:08  Zerg Missile Weapons Level 2, Overlord  
  176  8:10  Overlord  
  176  8:11  Overlord  
  176  8:15  Zerg Ground Armor Level 2  
  176  8:21  Overlord  
  176  8:24  Seismic Spines  
  176  8:26  Lurker x2  
  176  8:27  Overlord  
  176  8:32  Lurker x2  
  165  8:41  Roach x3, Hatchery  
  165  8:42  Roach x5  
  169  8:53  Hydralisk x3  
  169  8:54  Zergling x22  
  186  8:59  Lurker  
  186  9:02  Grooved Spines  
  186  9:13  Overlord  
  186  9:16  Adrenal Glands  
  186  9:19  Baneling Nest  
  186  9:20  Lurker  
  186  9:21  Adaptive Talons  
  184  9:35  Hydralisk x6  
  188  9:42  Lurker  
  188  9:44  Drone  
  188  9:45  Drone x5  
  195  9:48  Overlord  
  195  9:51  Lurker  
  195  9:52  Extractor x2, Muscular Augments  
  195  9:56  Pneumatized Carapace  
  195  9:57  Overseer  
  194  10:00  Hydralisk x2  
  194  10:01  Zergling x4  
  194  10:06  Hydralisk x2  
  199  10:07  Centrifugal Hooks  
  193  10:20  Lurker x4  
  197  10:22  Zergling x4  
  197  10:27  Hatchery  
  196  10:33  Zergling x2, Hydralisk x5  
  196  10:34  Zergling x22  
  185  10:45  Hydralisk x2  
  185  10:46  Zergling x22  
  188  10:55  Zerg Melee Weapons Level 1, Zerg Ground Armor Level 3  
  186  10:58  Viper x2  
  186  11:00  Zergling x14  
  199  11:05  Hatchery  
  198  11:15  Hydralisk x2  
  198  11:16  Zergling x20  
  193  11:18  Hydralisk x2  
  193  11:19  Zergling x2  
  181  11:33  Zergling x2  
  181  11:34  Zergling x24  
  194  11:41  Lurker x5  
  199  11:52  Neural Parasite  
  199  11:53  Burrow  
  196  12:12  Hydralisk x2  
  196  12:13  Zergling x14  
  193  12:21  Hydralisk x2  
  193  12:22  Zergling x24  
  183  12:33  Zergling x26  
  183  12:34  Zergling x6  
  199  12:41  Baneling  
  199  12:42  Baneling x19  
  199  12:51  Zerg Melee Weapons Level 2  
  199  13:00  Overlord  
  194  13:18  Zergling x46  
  194  13:22  Zergling x12  
  192  13:42  Zergling x28  
  192  13:47  Zergling x32  
  196  13:48  Hydralisk  
  196  13:49  Zergling x2  
  196  13:54  Zergling x10  
  170  14:04  Drone  
  170  14:05  Zergling x2, Hydralisk x3  
  170  14:06  Zergling x8  
  174  14:10  Hydralisk x3  
  174  14:16  Baneling x8  
  177  14:22  Hydralisk x2  
  177  14:23  Zergling x10  
  159  14:27  Zergling x8  
  159  14:31  Zergling x10  
  158  14:34  Overseer  
  157  14:38  Zergling x8  
  157  14:39  Zergling x10  
  157  14:43  Overseer  
  157  14:45  Hydralisk x3  
  168  14:49  Lurker  
  168  14:50  Lurker x6  
  168  14:51  Lurker x2  
  168  14:52  Lurker  
  182  14:53  Lurker  
  182  14:57  Zergling x2, Hydralisk x2  
  182  14:58  Zergling x2  
  189  15:00  Drone x3  
  189  15:01  Drone  
  189  15:02  Drone x2  
  195  15:09  Hydralisk  
  195  15:10  Zergling x4  
  199  15:20  Baneling  
  199  15:21  Baneling x23  
  199  15:33  Zerg Missile Weapons Level 3, Zerg Melee Weapons Level 3  
  199  15:35  Infestor  
  199  15:44  Hatchery  
  199  15:46  Overseer  
  198  15:53  Zergling x2  
  199  16:03  Zergling x18  
  199  16:05  Overlord  
  199  16:07  Overlord  
  198  16:17  Zergling x18  
  198  16:24  Zergling x18  
  200  16:26  Overseer x2  
  200  16:27  Baneling x2  
  199  16:38  Hydralisk  
  199  16:39  Zergling x8, Hydralisk x2  
  200  16:40  Zergling x16  
  200  16:42  Overseer  
  200  16:43  Zergling x28  
  199  16:51  Baneling x7  
  199  16:52  Baneling x33  
  199  17:04  Drone  
  186  17:22  Zergling x2  
  186  17:23  Zergling x36  
  186  17:29  Hydralisk x2  
  187  17:30  Zergling x26  
  200  17:38  Baneling x3  
  200  17:39  Baneling x7  
  200  17:41  Zergling x6  
  200  17:42  Overseer  
  200  17:46  Overseer, Baneling x2  
  192  18:06  Zergling x28  
  192  18:11  Zergling x48  
Show
View Real Time Build Order
Export as new Build Order

Kelazhur Terran 

Build Orders: Cyclone Opening 

Get SALT Encoding   

  12  0:00  SCV  
  13  0:12  SCV  
  14  0:17  Supply Depot  
  14  0:24  SCV  
  15  0:39  SCV  
  15  0:40  Barracks  
  15  0:42  Refinery  
  16  0:51  SCV  
  17  1:03  SCV  
  18  1:15  SCV  
  19  1:27  Orbital Command, Marine  
  20  1:36  Command Center  
  20  1:44  Marine  
  21  1:49  Supply Depot  
  21  1:53  SCV  
  22  2:00  Factory  
  22  2:02  Marine  
  23  2:11  SCV  
  24  2:22  Barracks Reactor  
  24  2:23  SCV  
  25  2:35  SCV  
  26  2:45  Cyclone  
  26  2:47  SCV  
  26  2:48  Orbital Command  
  28  2:59  SCV  
  28  3:00  Command Center  
  28  3:03  Barracks Reactor  
  29  3:11  Barracks Reactor, SCV  
  30  3:15  SCV  
  31  3:20  Refinery  
  31  3:22  Cyclone  
  31  3:23  SCV  
  34  3:27  Barracks, SCV  
  34  3:33  Barracks  
  34  3:35  SCV  
  34  3:39  SCV  
  36  3:47  SCV  
  37  3:51  SCV, Engineering Bay  
  38  3:57  Engineering Bay  
  38  3:59  SCV  
  38  4:01  Hellion x2  
  43  4:03  SCV  
  44  4:12  Orbital Command, SCV  
  44  4:15  SCV  
  44  4:16  Barracks Tech Lab  
  46  4:18  Barracks Reactor  
  46  4:24  SCV  
  47  4:25  Barracks Reactor  
  47  4:27  SCV  
  47  4:28  Terran Infantry Weapons Level 1  
  47  4:29  Terran Infantry Armor Level 1, Refinery  
  47  4:30  Refinery  
  48  4:34  Hellion  
  48  4:35  Hellion  
  48  4:36  SCV  
  53  4:39  SCV  
  53  4:42  SCV  
  53  4:44  Supply Depot  
  53  4:45  Marine  
  56  4:47  Stimpack  
  56  4:48  SCV  
  56  4:51  SCV  
  58  4:55  SCV  
  59  5:01  Barracks  
  59  5:04  SCV  
  59  5:05  SCV  
  59  5:06  Starport  
  61  5:07  SCV  
  61  5:09  Factory Reactor  
  61  5:10  Marine  
  61  5:11  Marine x4  
  67  5:17  SCV x2  
  67  5:18  Barracks  
  67  5:19  Orbital Command  
  69  5:25  Armory  
  69  5:33  SCV, Marine x2  
  69  5:34  Supply Depot  
  69  5:35  Marine x2  
  73  5:37  SCV  
  75  5:45  SCV  
  75  5:46  Marine, Supply Depot  
  77  5:55  Marine x2  
  77  5:56  Factory Tech Lab, SCV, Medivac x2  
  84  5:57  Marine  
  84  6:02  Supply Depot  
  84  6:03  Marine  
  85  6:07  SCV  
  85  6:09  SCV  
  86  6:11  Marine x2  
  86  6:13  Marine  
  86  6:17  SCV  
  90  6:19  SCV  
  90  6:20  Supply Depot  
  90  6:21  Siege Tank  
  90  6:24  Barracks Reactor  
  90  6:25  Marauder, Marine x2  
  98  6:27  SCV  
  98  6:29  SCV  
  98  6:31  SCV  
  101  6:33  Medivac  
  101  6:34  Marine x4, Medivac  
  101  6:38  Supply Depot  
  109  6:42  SCV  
  109  6:43  Marine x2  
  109  6:44  Terran Infantry Armor Level 2  
  112  6:49  Marauder  
  112  6:52  SCV  
  112  6:54  Marine x2  
  116  6:59  Marine  
  116  7:00  Combat Shield  
  117  7:03  Medivac, SCV x2  
  117  7:04  SCV, Medivac  
  117  7:07  Supply Depot  
  124  7:08  Supply Depot  
  124  7:15  Supply Depot  
  123  7:17  SCV x2  
  123  7:18  Refinery  
  125  7:23  Terran Infantry Weapons Level 2  
  125  7:28  Siege Tank, Marine x4  
  133  7:30  Marine x4  
  133  7:32  Supply Depot  
  133  7:33  SCV  
  133  7:34  Supply Depot  
  133  7:36  Marine  
  138  7:44  Command Center, SCV x2  
  138  7:51  Medivac x2  
  143  7:54  Marauder, Marine x6  
  151  7:59  Supply Depot  
  151  8:02  Siege Tank  
  151  8:03  Refinery  
  154  8:08  SCV  
  154  8:09  Supply Depot  
  154  8:12  Marine  
  156  8:15  Marine  
  156  8:16  Marauder, Marine x5  
  163  8:28  Factory  
  163  8:29  Medivac x2  
  163  8:33  SCV x3  
  170  8:35  Marine x4  
  170  8:36  Marine x3  
  170  8:39  Marine  
  173  8:41  Marine  
  164  8:53  SCV x3  
  157  8:56  Siege Tank  
  157  8:58  Orbital Command  
  157  8:59  Marine  
  157  9:01  Marine  
  157  9:02  Marine x6  
  168  9:04  Marauder  
  168  9:05  SCV  
  171  9:17  Medivac  
  171  9:22  Marine x7  
  171  9:23  Marine  
  181  9:24  Factory Tech Lab  
  181  9:28  SCV x2  
  181  9:30  Orbital Command  
  183  9:33  Marauder  
  181  9:39  Terran Infantry Armor Level 3, Marine  
  181  9:45  Siege Tank x2  
  178  9:52  SCV x2  
  178  9:53  Command Center, Missile Turret  
  178  9:58  Terran Infantry Weapons Level 3  
  171  10:02  SCV  
  170  10:16  SCV  
  170  10:18  Marauder, Marine x8  
  181  10:24  Barracks x3  
  180  10:33  Siege Tank, Missile Turret  
  175  10:36  Marine x2  
  175  10:40  Siege Tank, Marauder  
  182  10:42  Medivac x2  
  182  10:48  Marine  
  175  10:55  Marine  
  158  11:01  Marauder  
  158  11:03  Refinery  
  158  11:04  Ghost Academy, Refinery  
  160  11:05  SCV  
  160  11:07  Sensor Tower  
  161  11:11  Missile Turret x2  
  161  11:12  Missile Turret  
  161  11:13  Barracks Tech Lab x3, Marine  
  141  11:19  Siege Tank  
  141  11:21  Marine  
  141  11:22  Marine  
  141  11:24  Siege Tank  
  139  11:31  Marine x6  
  142  11:33  Ghost x4  
  142  11:37  Orbital Command  
  146  11:41  Command Center  
  146  11:44  Supply Depot  
  146  11:48  SCV x2  
  146  11:52  Personal Cloaking  
  146  11:54  Terran Vehicle Weapons Level 1  
  148  11:55  Siege Tank  
  148  11:57  Siege Tank  
  154  12:01  Ghost  
  154  12:05  Ghost x2  
  160  12:09  Ghost  
  145  12:27  Siege Tank  
  145  12:29  Siege Tank  
  151  12:30  Ghost  
  151  12:33  Ghost  
  155  12:37  Ghost  
  156  12:47  Ghost  
  158  12:56  Command Center  
  158  12:58  Ghost  
  158  12:59  Liberator  
  163  13:14  Ghost  
  163  13:17  Siege Tank  
  161  13:22  Ghost  
  157  13:31  Ghost  
  150  13:42  Ghost  
  150  13:44  Marine x8  
  150  13:47  Siege Tank  
  161  13:54  Siege Tank  
  152  14:09  Planetary Fortress  
  152  14:12  Marauder  
  152  14:15  Marauder  
  143  14:25  Marine  
  143  14:26  Marauder  
  132  14:34  Marauder  
  132  14:35  Siege Tank x2  
  140  14:42  Command Center  
  140  14:46  Marauder, Refinery  
  140  14:47  Refinery  
  142  14:53  Missile Turret, Marine x10  
  142  14:56  Liberator  
  155  15:06  Sensor Tower  
  155  15:07  Siege Tank  
  155  15:09  Marauder x2  
  155  15:11  Concussive Shells  
  155  15:12  Marauder  
  164  15:16  Supply Depot  
  164  15:28  Marauder  
  164  15:31  Siege Tank  
  167  15:39  Siege Tank, Marauder  
  172  15:51  Marauder  
  174  16:03  Liberator  
  174  16:04  Siege Tank, Liberator  
  180  16:07  Command Center  
  163  16:23  Siege Tank  
  164  16:27  Ghost x3  
  161  16:36  Marauder  
  146  16:41  Marine  
  146  16:44  Marine  
  146  16:45  Marine  
  146  16:46  Marine  
  149  16:48  Liberator  
  149  16:49  Liberator  
  149  16:50  Orbital Command  
  149  16:55  Ghost  
  149  16:56  Marauder x2  
  154  17:11  Ghost  
  156  17:16  Ghost  
  156  17:18  Siege Tank  
  141  17:37  Refinery  
  141  17:38  Ghost  
  141  17:42  Factory Tech Lab  
  141  17:43  Ghost  
  145  17:49  Orbital Command  

Tags
 
Add a new tag
Caveats
  • Supply blocks, unpowered buildings, or Contaminate may cause inaccurate times.
  • Supply counts are checked every 10 seconds.